 Dungeon Crawl Stone Soup version 0.21.1-1-g345015f (webtiles) character file.

1769 inc the Basher (level 8, -5/58 HPs)
             Began as a Demonspawn Monk on June 13, 2018.
             Was a Believer of Wu Jian.
             Killed by nerve-wracking pain
             ... invoked by an orc priest
              (12 damage)
             ... on level 6 of the Dungeon.
             The game lasted 00:14:18 (7403 turns).

inc the Basher (Demonspawn Monk)                    Turns: 7403, Time: 00:14:19

Health: -5/58      AC:  5    Str: 11    XL:     8   Next: 80%
Magic:  8/8        EV: 13    Int: 13    God:    Wu Jian [**....]
Gold:   258        SH:  0    Dex: 17    Spells: 7/7 levels left

rFire    + . .     SeeInvis .   a - +1 mace
rCold    . . .     Gourm    .   (no shield)
rNeg     . . .     Faith    .   s - +0 leather armour
rPois    +         Spirit   .   (no helmet)
rElec    .         Reflect  .   i - +0 cloak
rCorr    .         Harm     .   (no gloves)
MR       .....                  e - +0 pair of boots
Stlth    ++........             (no amulet)
HPRegen  0.19/turn              m - ring of poison resistance
MPRegen  0.11/turn              n - ring of protection from fire

@: no status effects
A: powered by death 3, sturdy frame 2
a: Wall Jump, Renounce Religion


You were on level 6 of the Dungeon.
You worshipped Wu Jian.
Wu Jian was pleased with you.
You were not hungry.

You visited 1 branch of the dungeon, and saw 6 of its levels.
You also visited: Sewer.

You collected 258 gold pieces.

Inventory:

Hand Weapons
 a - a +1 mace (weapon)
 v - a +0 blowgun
Missiles
 g - 46 poisoned needles
 l - 8 needles of frenzy
Armour
 b - a +0 robe
 e - a +0 pair of boots (worn)
 i - a +0 cloak (worn)
 s - a +0 leather armour (worn)
Jewellery
 m - a ring of poison resistance (left hand)
 n - a ring of protection from fire (right hand)
 y - an uncursed amulet of harm {unknown}
Scrolls
 d - a scroll of amnesia
 f - 2 scrolls of immolation {unknown}
 h - 2 scrolls of remove curse
 k - a scroll of random uselessness {unknown}
 p - 3 scrolls of fog {unknown}
 t - a scroll of teleportation {unknown}
 u - a scroll of blinking
 w - 2 scrolls of identify
 x - a scroll of enchant armour {unknown}
Potions
 q - a potion of heal wounds
 r - 4 potions of curing {unknown}
Comestibles
 c - 11 rations


   Skills:
 - Level 3.5 Fighting
 + Level 10.5 Maces & Flails
 - Level 2.6 Dodging
 - Level 1.7 Stealth


You had 7 spell levels left.
You didn't know any spells.

Dungeon Overview and Level Annotations

Branches:
Dungeon (6/15)             Temple (0/1) D:5

Altars:
Ashenzari
Cheibriados
Dithmenos
Fedhas
Hepliaklqana
Kikubaaqudgha
Wu Jian
Xom

Shops:
D:5 [


Innate Abilities, Weirdness & Mutations

You regenerate a lot of health from kills.
Your movements are less encumbered by armour. (ER -4)


Message History

You hit the orc priest but do no damage.
The orc priest is moderately wounded.
The orc priest misses you.
The orc priest mumbles some strange prayers to Beogh against you.
Beogh smites you!
You hit the orc priest.
The orc priest is moderately wounded.
The orc priest calls upon Beogh to heal the orc priest.
The orc priest's wounds heal themselves!
The orc priest hits you but does no damage.
You closely miss the orc priest.
The orc priest calls down the wrath of Beogh upon you.
Beogh smites you!
* * * LOW HITPOINT WARNING * * *
The orc priest miscasts a cantrip.
You hit the orc priest.
The orc priest is moderately wounded.
The orc priest calls down the wrath of Beogh upon you.
Pain shoots through your body!
You die...

#.#.###♣♣.♣#.#
#.#.#####'##.#
#.............
####..##########
###.......# ******
#.........# *,>,,,
#.#......<# *,,,,,
#.#########****,,,
#@#,*,*,,,*,*,*,,,
#oo=#,,,*,,,*,,,,,
#.#...#,*,*,,,****
#.#...#,*,*,,,***
#..,#...*,,,*,,,*
###,*.#..,*,*,*,**
****#*#******,,,
*,**,,,,,**,,,
*,***,*,,**,**


You could see 2 orc priests.

Vanquished Creatures
  Sigmund (D:3)
  A sky beast (D:6)
  3 phantoms
  An ice beast (D:6)
  A centaur (D:5)
  4 big kobolds (Sewer)
  A howler monkey (D:4)
  A bullfrog zombie (D:5)
  A hound (D:3)
  An orc priest (D:5)
  2 jellies (D:5)
  4 worker ants
  5 orc wizards
  2 hound zombies (D:5)
  2 hound skeletons (D:5)
  4 gnolls (D:4)
  10 adders
  4 river rats (Sewer)
  8 oozes
  4 worms
  2 dart slugs
  3 leopard geckos
  10 orcs
  3 ball pythons
  4 giant cockroaches (D:3)
  7 goblins
  7 hobgoblins
  10 jackals
  4 quokkas
  8 bats
  3 frilled lizards (D:2)
  14 kobolds
  A leopard gecko skeleton (D:4)
  12 rats
148 creatures vanquished.

Notes
Turn   | Place    | Note
-------+----------+-------------------------------------------
     0 | D:1      | inc the Demonspawn Monk began the quest for the Orb.
     0 | D:1      | Reached XP level 1. HP: 18/18 MP: 1/1
   236 | D:1      | Gained mutation: Your movements are slightly less encumbered by armour. (ER -2) [demonic ancestry]
   236 | D:1      | Reached XP level 2. HP: 19/24 MP: 2/2
   308 | D:1      | Found a shattered altar of Ashenzari.
   500 | D:1      | Reached skill level 3 in Maces & Flails
   760 | D:1      | Gained mutation: Your movements are less encumbered by armour. (ER -4) [demonic ancestry]
   760 | D:1      | Reached XP level 3. HP: 25/29 MP: 3/3
  1025 | D:2      | Found a faded altar of an unknown god.
  1685 | D:3      | Found a glowing drain.
  1712 | D:3      | Reached skill level 4 in Maces & Flails
  1725 | D:3      | Noticed Sigmund
  1742 | D:3      | Reached XP level 4. HP: 25/35 MP: 4/4
  1759 | Sewer    | Entered a sewer
  2376 | Sewer    | Noticed a big kobold
  2396 | Sewer    | Killed a big kobold
  2396 | Sewer    | Reached skill level 5 in Maces & Flails
  2396 | Sewer    | Gained mutation: You regenerate a little health from kills. [demonic ancestry]
  2396 | Sewer    | Reached XP level 5. HP: 18/41 MP: 5/5
  2817 | Sewer    | Gained mutation: You regenerate health from kills. [demonic ancestry]
  2817 | Sewer    | Reached XP level 6. HP: 19/47 MP: 6/6
  3017 | Sewer    | Reached skill level 6 in Maces & Flails
  3885 | D:3      | Killed Sigmund
  3885 | D:3      | Reached skill level 7 in Maces & Flails
  3885 | D:3      | Gained mutation: You regenerate a lot of health from kills. [demonic ancestry]
  3885 | D:3      | Reached XP level 7. HP: 32/52 MP: 7/7
  4854 | D:4      | Reached skill level 8 in Maces & Flails
  5248 | D:4      | Found a snail-covered altar of Cheibriados.
  5736 | D:3      | Found a blossoming altar of Fedhas.
  5796 | D:5      | Entered Level 5 of the Dungeon
  5944 | D:6      | Reached XP level 8. HP: 29/58 MP: 8/8
  5977 | D:6      | Reached skill level 9 in Maces & Flails
  6043 | D:6      | Found a shattered altar of Ashenzari.
  6064 | D:6      | Found a faded altar of an unknown god.
  6064 | D:6      | Found an ornate altar of the Wu Jian Council.
  6070 | D:6      | Found an ancient bone altar of Kikubaaqudgha.
  6074 | D:6      | Found a shimmering altar of Xom.
  6103 | D:6      | Found a hazy altar of Hepliaklqana.
  6123 | D:6      | Became a worshipper of the Wu Jian Council
  6123 | D:6      | Reached * piety under Wu Jian
  6123 | D:6      | Reached ** piety under Wu Jian
  6654 | D:5      | Found a shadowy altar of Dithmenos.
  6785 | D:5      | Reached skill level 10 in Maces & Flails
  6942 | D:5      | Found a staircase to the Ecumenical Temple.
  6979 | D:5      | Found Igyad's Armour Shoppe.
  7250 | D:6      | HP: 1/58 [something (6)]
  7403 | D:6      | Killed from afar by an orc priest

Skill      XL: |  1  2  3  4  5  6  7  8 |
---------------+-------------------------+-----
Maces & Flails | 3 4 5 7 8 10 | 10.5
Fighting       | |  3.5
Dodging        | |  2.6
Stealth        | |  1.7

Action                   |  1- 3 |  4- 6 |  7- 9 || total
-------------------------+-------+-------+-------++-------
Melee: Mace              |   140 |   207 |   405 ||   752
Invok: Whirlwind         |       |       |    15 ||    15
       Lunge             |       |       |     2 ||     2
       Wall Jump         |       |       |     1 ||     1
  Use: Scroll            |     1 |     3 |     3 ||     7
       Potion            |       |     1 |     1 ||     2
 Stab: Sleeping          |     3 |       |     2 ||     5
       Distracted        |     1 |       |       ||     1
  Eat: Chunk             |     3 |     2 |     8 ||    13
       Ration            |       |     2 |     1 ||     3
Armor: Robe              |    39 |       |       ||    39
       Leather armour    |    31 |    40 |    86 ||   157
Dodge: Dodged            |   136 |   107 |   250 ||   493
